 Dungeon Crawl Stone Soup version 0.30-a0-6-g7c9e10e132 (webtiles) character file.

Game seed: 7462545666028370259

241 SensoryNuts the Cudgeller (level 5, -2/53 HPs)
             Began as a Troll Fighter on Aug 22, 2022.
             Slain by Grinder (8 damage)
             ... on level 3 of the Dungeon.
             The game lasted 00:01:44 (1672 turns).

SensoryNuts the Cudgeller (Troll Fighter)           Turns: 1672, Time: 00:01:45

Health: -2/53      AC:  4    Str: 26    XL:     5   Next: 80%
Magic:  4/4        EV:  9    Int:  4    God:
Gold:   126        SH:  7    Dex:  9    Spells: 4/4 levels left

rFire   . . .      SeeInvis .    a - +0 flail
rCold   . . .      Faith    .    c - +0 kite shield
rNeg    . . .      Spirit   .    b - +0 robe
rPois   .          Reflect  .    (helmet restricted)
rElec   .          Harm     .    (no cloak)
rCorr   .          Rampage  .    (gloves unavailable)
Will    .....                    (boots unavailable)
Stlth   +.........               (no amulet)
HPRegen 0.97/turn                (no ring)
MPRegen 0.09/turn                (no ring)

@: attractive
A: large, unfitting armour, claws 3, regeneration 1, shaggy fur 1, tough skin 1
a: no special abilities


You were on level 3 of the Dungeon.
You visited 1 branch of the dungeon, and saw 3 of its levels.

You collected 126 gold pieces.

Inventory:

Hand Weapons
 a - a +0 flail (weapon)
Armour
 b - a +0 robe (worn)
 c - a +0 kite shield (worn)
Jewellery
 m - an amulet of the acrobat
Wands
 l - a wand of polymorph (8)
Scrolls
 d - a scroll of butterflies {unknown}
 n - a scroll of acquirement {unknown}
 o - 2 scrolls of identify {unknown}
Potions
 e - a potion of brilliance {unknown}
 f - a potion of attraction
 g - 2 potions of mutation {unknown}
 h - a potion of haste {unknown}
 i - a potion of cancellation {unknown}
 j - a potion of flight {unknown}
 k - 2 potions of curing {unknown}


   Skills:
 + Level 3.1 Fighting
 * Level 3.7 Maces & Flails
 + Level 3.3 Dodging
 + Level 0.1 Stealth
 + Level 3.6 Shields


You had 4 spell levels left.
You didn't know any spells.
Your spell library contained the following spells:

 Spells                   Type           Power      Damage    Failure   Level
 Beastly Appendage        Tmut           0%         N/A       80%         1
 Wereblood                Tmut           0%         N/A       90%         2
 Spider Form              Tmut/Pois      0%         N/A       99%         3
 Summon Guardian Golem    Hex/Summ       0%         N/A       99%         3
 Orb of Destruction       Conj           0%         9d5       100%        7
 Spellforged Servitor     Conj/Summ      0%         N/A       100%        7


Dungeon Overview and Level Annotations

Branches:
Dungeon (3/15)

Altars:

Annotations:
D:3 Grinder


Innate Abilities, Weirdness & Mutations

You are too large for most types of armour.
You have claws for hands.
Your natural rate of healing is unusually fast.
You are covered in fur. (AC +1)
You have tough skin. (AC +1)


Message History

You are too injured to fight recklessly!
You are too injured to fight recklessly!
You are too injured to fight recklessly!
You are too injured to fight recklessly!
Unknown command.
You block Grinder's attack.
You thump Grinder!
Grinder is heavily wounded.
Grinder hits you.
You writhe in agony.
Grinder hits you!
* * * LOW HITPOINT WARNING * * *
You barely miss Grinder.
Grinder is heavily wounded.
Grinder misses you.
You closely miss Grinder.
Grinder is heavily wounded.
You block Grinder's attack.
Unknown command.
It was a potion of attraction.
You feel attractive to monsters. Grinder hits you.
* * * LOW HITPOINT WARNING * * *
You writhe in agony.
* * * LOW HITPOINT WARNING * * *
You sock Grinder!
Grinder is severely wounded.
You block Grinder's attack. Grinder closely misses you.
You barely miss Grinder.
Grinder is severely wounded.
Grinder says, "At least Makhleb appreciates what I'm doing."
Grinder barely misses you.
You hit Grinder.
Grinder is severely wounded.
Grinder hits you!
* * * LOW HITPOINT WARNING * * *
You writhe in agony.
* * * LOW HITPOINT WARNING * * *
You barely miss Grinder.
Grinder is severely wounded.
You block Grinder's attack. Grinder hits you!
You die...

### #.....###[... #..
####### ####. #.# #.
#.# #. #.# #. #.#
########.
##.##########........
#...#......##.#######
#...@5.....#...#
#...#.##.....#.#
#####.####.#...# #.#
#.##### #.. ..# ###
####


You could see Grinder.

Vanquished Creatures
  Sigmund (D:2)
  2 adders (D:2)
  A worm (D:3)
  2 dart slugs (D:1)
  8 ball pythons
  9 endoplasms
  5 giant cockroaches
  7 goblins
  3 hobgoblins
  4 jackals (D:1)
  2 quokkas
  4 bats
  6 kobolds
  3 rats
57 creatures vanquished.

Vanquished Creatures (others)
  A plant (D:1)
  A withered plant (D:1)
2 creatures vanquished.

Grand Total: 59 creatures vanquished

Notes
Turn   | Place    | Note
-------+----------+-------------------------------------------
     0 | D:1      | SensoryNuts the Troll Fighter began the quest for the Orb.
     0 | D:1      | Reached XP level 1. HP: 22/22 MP: 0/0
   233 | D:1      | Reached XP level 2. HP: 29/29 MP: 1/1
   340 | D:1      | Found a faded altar of an unknown god.
   520 | D:1      | Reached XP level 3. HP: 35/36 MP: 2/2
  1009 | D:2      | Identified the +0 pair of boots "Itinn" {rF++ Dex+4}
  1054 | D:2      | Reached XP level 4. HP: 25/44 MP: 3/3
  1217 | D:2      | Noticed Sigmund
  1225 | D:2      | Killed Sigmund
  1226 | D:2      | Reached XP level 5. HP: 53/53 MP: 4/4
  1528 | D:3      | Identified the +12 sling of the Exiled Quests {venom,
                  | Dex+3}
  1648 | D:3      | Noticed Grinder
  1650 | D:3      | Paralysed by Grinder for 2 turns
  1672 | D:3      | Slain by Grinder

Illustrated notes

Levels and vault maps discovered:
D:1:      onia_arrival_mini_spirals, layout_loops_corners,
          shapermc_ecumenical_altar_flowoftime
D:2:      layout_rooms, uniq_sigmund
D:3:      layout_loops_cross, mainiacjoe_overflow_24_doors, zin_scriptorium,
          uniq_grinder

Skill      XL: |  1  2  3  4 |
---------------+-------------+-----
Shields        | 3 |  3.6
Maces & Flails | 2 3 |  3.7
Dodging        | 3 |  3.3
Fighting       | 3 |  3.1
Stealth        | |  0.1

Action                   |  1- 3 |  4- 6 || total
-------------------------+-------+-------++-------
Melee: Flail             |   131 |    68 ||   199
  Use: Potion            |       |     2 ||     2
Armor: Robe              |    50 |    16 ||    66
Dodge: Dodged            |    59 |    27 ||    86
Block: Kite shield       |    69 |    17 ||    86

Table legend: (Time is in decaauts)
 A = Elapsed time spent in this place.
 B = Non-inter-level travel time spent in this place.
 C = Inter-level travel time spent in this place.
 D = Time resting spent in this place.
 E = Time spent auto-exploring this place.
 F = Levels seen in this place.
 G = Mean time per level.
                   A        B        C        D        E       F      G
               +--------+--------+--------+--------+--------+-----+--------+
         Total |   1755 |   1722 |     33 |      0 |   1229 |   3 |  585.0 |
       Dungeon |   1755 |   1722 |     33 |      0 |   1229 |   3 |  585.0 |
               +--------+--------+--------+--------+--------+-----+--------+

Top non-repeatable levels by time:
     D:1: 1037 daAuts
     D:2: 488 daAuts
     D:3: 230 daAuts
